 Dungeon Crawl Stone Soup version 0.26.0-10-g1f06aea511 (webtiles) character file.

Game seed: 2685091188799240106

375758 night the Slayer (level 22, 0/215 HPs)
             Began as a Hill Orc Fighter on Jan 16, 2021.
             Was the Champion of Makhleb.
             Slain by a vault warden
             ... wielding a +0 bardiche
              (31 damage)
             ... on level 4 of the Vaults on Jan 17, 2021.
             The game lasted 02:01:45 (43618 turns).

night the Slayer (Hill Orc Fighter)                Turns: 43618, Time: 02:01:46

Health: 0/215      AC: 19    Str: 32    XL:     22   Next: 77%
Magic:  0/36       EV: 17    Int: 16    God:    Makhleb [******]
Gold:   511        SH: 15    Dex: 10    Spells: 21/21 levels left

rFire    + . .     SeeInvis .   a - +9 broad axe (distort)
rCold    . . .     Faith    .   c - +0 kite shield {reflect}
rNeg     + + .     Spirit   +   e - +8 chain mail of Vagy {rElec Int+7}
rPois    .         Reflect  +   n - +1 helmet
rElec    +         Harm     .   l - +2 cloak of Youthful Indiscretion {rF+ rN++ Int-2}
rCorr    .         Rampage  +   G - +1 pair of gloves {Str+3}
Will     +....                  t - +1 pair of boots {rampage}
Stlth    ..........             x - amulet of guardian spirit
HPRegen  0.45/turn              q - ring of the Mage {Wiz Will++ Int+3}
MPRegen  0.25/turn              A - +4 ring of evasion

@: about to teleport, weak-willed, corroded
A: no striking features
}: 2/15 runes: barnacled, gossamer
a: Renounce Religion, Minor Destruction, Lesser Servant of Makhleb, Major
Destruction, Greater Servant of Makhleb


You were on level 4 of the Vaults.
You worshipped Makhleb.
Makhleb was exalted by your worship.
You visited 7 branches of the dungeon, and saw 36 of its levels.
You visited 1 bazaar.
You also visited: Ossuary, Bailey, Gauntlet and Ice Cave.

You collected 4365 gold pieces.
You spent 3854 gold pieces at shops.

Inventory:

Hand Weapons
 a - a +9 broad axe of distortion (weapon)
 z - a +1 war axe of flaming
Missiles
 B - 15 silver javelins
 I - 75 boomerangs (quivered)
 L - 65 javelins
Armour
 b - a scarf of invisibility
 c - a +0 kite shield of reflection (worn)
 e - the +8 chain mail of Vagy (worn) {rElec Int+7}
   (You bought it in a shop on level 2 of the Orcish Mines)

   It affects your intelligence (+7).
   It insulates you from electricity.
 l - the +2 cloak of Youthful Indiscretion (worn) {rF+ rN++ Int-2}
   (You found it in a Gauntlet)

   It affects your intelligence (-2).
   It protects you from fire.
   It greatly protects you from negative energy.
 n - a +1 helmet (worn)
 t - a +1 pair of boots of rampaging (worn)
 G - a +1 pair of gloves of strength (worn)
 S - the +5 ring mail "Himup" {rElec rPois Will++}
   (You bought it in a shop on level 5 of the Dungeon)

   It insulates you from electricity.
   It protects you from poison.
   It affects your willpower, your defense against some magical effects.
Jewellery
 g - an uncursed ring of positive energy
 m - an uncursed ring of see invisible
 q - the ring of the Mage (left hand) {Wiz Will++ Int+3}
   (You found it on level 6 of the Lair of Beasts)

   [ring of wizardry]

   It improves your spell success rate.
   It affects your intelligence (+3).
   It affects your willpower, your defense against some magical effects.
 w - an uncursed ring of willpower
 x - an amulet of guardian spirit (around neck)
 y - an uncursed ring of resist corrosion
 A - a +4 ring of evasion (right hand)
 J - an uncursed ring of magical power
 R - an uncursed ring of protection from fire
Wands
 f - a wand of enslavement (5)
 D - a wand of digging (37)
 K - a wand of iceblast (41)
 M - a wand of flame (25)
 T - a wand of acid (18)
 V - a wand of polymorph (39)
 W - a wand of paralysis (17)
 Y - a wand of disintegration (8)
Scrolls
 d - 9 scrolls of blinking
 o - 4 scrolls of fog
 p - 9 scrolls of remove curse
 N - 13 scrolls of teleportation
 P - 2 scrolls of fear
 Q - 11 scrolls of identify
 U - a scroll of silence
 Z - 2 scrolls of summoning
Potions
 h - 9 potions of mutation
 i - 4 potions of lignification
 k - 7 potions of attraction
 r - 6 potions of heal wounds
 s - 8 potions of flight
 u - 5 potions of ambrosia
 v - 4 potions of resistance
 C - 18 potions of curing
 E - 2 potions of magic
 F - 6 potions of might
 H - a potion of berserk rage
 X - a potion of haste
Miscellaneous
 j - a condenser vane
 O - a phantom mirror


   Skills:
 + Level 21.8 Fighting
 - Level 20.0 Axes
 - Level 5.5 Throwing
 + Level 11.8 Armour
 + Level 8.9 Dodging
 - Level 15.0 Shields
 + Level 20.7 Invocations
 + Level 13.4 Evocations


You had 21 spell levels left.
You didn't know any spells.
Your spell library contained the following spells:

 Spells                   Type           Power        Failure   Level
 Animate Skeleton         Necr           0%           32%         1
 Beastly Appendage        Tmut           0%           32%         1
 Freeze                   Ice            0%           32%         1
 Pain                     Necr           0%           32%         1
 Sting                    Tmut/Pois      0%           32%         1
 Blink                    Tloc           N/A          43%         2
 Call Imp                 Summ           0%           43%         2
 Ensorcelled Hibernation  Hex/Ice        0%           43%         2
 Passwall                 Tmut/Erth      0%           43%         2
 Poisonous Vapours        Pois/Air       0%           43%         2
 Searing Ray              Conj           0%           43%         2
 Sublimation of Blood     Necr           0%           43%         2
 Wereblood                Tmut           0%           43%         2
 Confusing Touch          Hex            0%           65%         3
 Conjure Flame            Conj/Fire      0%           65%         3
 Frozen Ramparts          Ice            0%           65%         3
 Gell's Gravitas          Tloc           0%           65%         3
 Ignite Poison            Fire/Tmut/Pois 0%           65%         3
 Lesser Beckoning         Tloc           0%           65%         3
 Mephitic Cloud           Conj/Pois/Air  0%           65%         3
 Ozocubu's Armour         Ice            0%           65%         3
 Spider Form              Tmut/Pois      0%           65%         3
 Teleport Other           Tloc           0%           65%         3
 Vampiric Draining        Necr           0%           65%         3
 Animate Dead             Necr           0%           96%         4
 Hailstorm                Conj/Ice       0%           96%         4
 Ice Form                 Ice/Tmut       0%           96%         4
 Olgreb's Toxic Radiance  Pois           0%           96%         4
 Passage of Golubria      Tloc           N/A          96%         4
 Petrify                  Tmut/Erth      0%           96%         4
 Summon Ice Beast         Ice/Summ       0%           96%         4
 Agony                    Necr           0%           100%        5
 Alistair's Intoxication  Tmut/Pois      0%           100%        5
 Blade Hands              Tmut           0%           100%        5
 Bolt of Magma            Conj/Fire/Erth 0%           100%        5
 Irradiate                Conj/Tmut      0%           100%        5
 Metabolic Englaciation   Hex/Ice        0%           100%        5
 Yara's Violent Unravell  Hex/Tmut       0%           100%        5
 Eringya's Noxious Bog    Tmut/Pois      0%           100%        6
 Freezing Cloud           Conj/Ice/Air   0%           100%        6
 Iron Shot                Conj/Erth      0%           100%        6


Dungeon Overview and Level Annotations

Branches:
Dungeon (15/15)            Temple (1/1) D:6            Lair (6/6) D:8
 Shoals (4/4) Lair:4       Spider (4/4) Lair:2        Slime (0/5) Lair:5
    Orc (2/2) D:12            Elf (0/3) Orc:2        Vaults (4/5) D:14
  Crypt (0/3) Vaults:2     Depths (0/5) D:15        Ossuary (visited)
 Bailey (visited)           IceCv (visited)         Gauntlet (visited)

Altars:
Ashenzari
Cheibriados
Dithmenos
Fedhas
Gozag
Kikubaaqudgha
Makhleb
Okawaru
Qazlal
Ru
Uskayaw
Vehumet
Wu Jian
Xom
Yredelemnul
Zin
The Shining One
Jiyva
Lugonu

Shops:
D:5 [   D:11 *(   D:14 [   Orc:2 ([[!   Shoals:3 (   Shoals:4 }   Vaults:1 *

Portals:
Abyss: Lair:6

Annotations:
Lair:3 exclusion: 3 oklob plants
Lair:5 1 runed translucent door
Shoals:1 1 runed translucent door, Woutahasch's ghost, journeyman HOFi
Spider:3 2 runed translucent doors, Nuqinleag's ghost, adept GrEE
Abyss:1 Arachne; Roxanne


Message History

You completely miss the ironheart preserver.
The ironheart preserver hits you with a +0 great mace!
* * * LOW HITPOINT WARNING * * *
The ironheart preserver hits you but does no damage.
You feel much better.
The vault warden hits you from afar with a +0 bardiche!!!
* * * LOW HITPOINT WARNING * * *
The ironheart preserver barely misses you.
An ettin comes into view.
It is wielding a +0 dire flail and a +0 great mace.
Items here: ) ? [ †.
Unknown command.
As you read the scroll of teleportation, it crumbles to dust.
You feel strangely unstable.
The ironheart preserver casts a spell.
The ironheart preserver begins to accept its allies' injuries.
The runic seal fades away.
The ironheart preserver gestures wildly while chanting.
The ironheart preserver begins to accept its allies' injuries.
The vault warden hits you from afar with a +0 bardiche!!
You die...

#.#.##...##...+
#.##.##'###...#
##.##..###...##
##.####....###########
##.......# ##........
#####'#######.........
#......(#............. .
#.......#.............
..#.......#(..p)@.......
..#...))..#...p#########
..#...(().#...)'.......#
. #.....).+...)#p).....+
..#.......#C.(.#.......#
.W####W####....#...8...#
..C.C... ......#.......#
...............#.......#
...............#.......#


You could see an ironheart preserver (sheltered), a vault warden (strong,
sheltered) and an ettin (sheltered).

Vanquished Creatures
  Nikola (Shoals:3)
  The ghost of bomjara the Phalangite, an adept MfGl of Okawaru (Vaults:3)
  Frances (Spider:1)
  Agnes (Spider:1)
  A sphinx (Vaults:4)
  Donald (Shoals:1)
  2 fire giants
  A deep elf sorcerer (Vaults:2)
  An orc warlord (Bailey)
  A frost giant (IceCv)
  8 vault wardens
  Aizul (Spider:1)
  3 ghost moths
  3 emperor scorpions
  7 ironheart preservers
  4 stone giants
  Nessos (D:15)
  A minotaur (Gauntlet)
  A deep elf annihilator (Vaults:2)
  4 entropy weavers
  2 spark wasps
  Josephine (D:14)
  3 merfolk javelineers
  2 fire dragons
  5 merfolk impalers
  A deep elf death mage (Vaults:3)
  7 yaktaur captains
  A deep elf high priest (D:13)
  5 great orbs of eyes
  Erolcha (D:10)
  Harold (D:11)
  6 hydras
  6 vault guards (Vaults:2)
  A rakshasa (Vaults:3)
  A catoblepas (D:13)
  10 boulder beetles
  2 death knights (Vaults:2)
  An ice dragon (Vaults:2)
  11 ogre magi
  An alligator snapping turtle (Shoals:4)
  4 merfolk aquamancers (Shoals:4)
  36 two-headed ogres
  A tengu warrior (D:13)
  2 satyrs
  9 centaur warriors
  A merfolk avatar (Shoals:2)
  A deep troll shaman (Vaults:1)
  17 death yaks
  A deep troll earth mage (Vaults:4)
  Urug (D:10)
  Nergalle (Lair:4)
  4 deep elf knights
  A fire crab (Gauntlet)
  A skeletal warrior (D:14)
  4 unseen horrors
  10 sea snakes
  2 phantasmal warriors
  A harpy (shapeshifter) (Vaults:3)
  12 ironbrand convokers
  12 deep trolls
  4 wizards
  5 deep elf archers
  19 harpies
  A necromancer (Vaults:2)
  16 orb spiders
  8 orc knights
  16 deep elf magi
  An oklob plant (Lair:1)
  29 wolf spiders
  7 ugly things
  4 orc sorcerers
  13 manticores
  A faun (Shoals:2)
  A moth of wrath (Spider:4)
  A salamander (shapeshifter) (Vaults:1)
  11 cyclopes
  A human skeleton (Vaults:2)
  8 merfolk sirens
  8 vault sentinels
  4 water nymphs
  7 black mambas
  2 gargoyles (D:13)
  Maurice (Orc:1)
  2 molten gargoyles (Lair:6)
  3 elephants
  A guardian serpent (shapeshifter) (D:15)
  Maggie (D:10)
  5 torpor snails
  15 cane toads
  A minotaur zombie (Gauntlet)
  2 ice statues (IceCv)
  11 komodo dragons
  5 rime drakes
  4 freezing wraiths
  A komodo dragon (shapeshifter) (Vaults:2)
  21 yaktaurs
  13 demonic crawlers
  A yaktaur skeleton (Vaults:2)
  A queen bee (Spider:1)
  9 meliai
  A wind drake (shapeshifter) (Vaults:3)
  6 trolls
  A tyrant leech (Gauntlet)
  29 jumping spiders
  A meliai (shapeshifter) (Vaults:3)
  23 merfolk
  20 polar bears
  A queen bee (shapeshifter) (Vaults:1)
  9 wind drakes
  15 blink frogs
  11 hornets
  A raiju (shapeshifter) (D:13)
  8 slime creatures
  5 snapping turtles
  A meliai zombie (D:15)
  A frost giant simulacrum (Vaults:3)
  79 redbacks
  2 shadows (Vaults:3)
  23 tarantellas
  6 water elementals
  11 wyverns
  44 yaks
  2 tarantellas (shapeshifter)
  2 vampires
  An orc simulacrum (Vaults:2)
  8 wraiths
  A fire bat (shapeshifter) (Vaults:4)
  3 fire bats (Gauntlet)
  8 basilisks
  Eustachio (D:6)
  A human (shapeshifter) (Vaults:3)
  Edmund (D:6)
  4 vampire mosquitoes (D:13)
  5 wargs
  2 swamp worms (Gauntlet)
  2 two-headed ogre zombies (D:12)
  7 hell hounds
  An acid dragon (D:13)
  29 water moccasins
  4 phantoms
  3 ice beasts
  A black bear (D:8)
  A black bear (shapeshifter) (Vaults:4)
  26 orc warriors
  A necrophage (D:9)
  An eye of draining (D:15)
  2 sky beasts
  32 wolves
  A boggart (D:14)
  40 ogres
  19 centaurs
  3 big kobolds
  2 elf zombies (Ossuary)
  14 bullfrogs
  A wyvern zombie (D:12)
  A scorpion (D:6)
  A wyvern skeleton (D:10)
  A troll zombie (D:12)
  2 human simulacra
  15 killer bees
  6 wights
  5 electric eels
  9 howler monkeys
  4 lava snakes (Lair:6)
  4 bullfrog zombies
  2 human zombies (Ossuary)
  5 centaur zombies
  3 jellies
  12 orc priests
  6 hounds
  8 iguanas
  6 centaur skeletons
  6 hell rats (Lair:2)
  25 orc wizards
  9 worker ants
  2 big kobold zombies (Ossuary)
  5 ogre zombies (D:12)
  2 mummies (Ossuary)
  A hound skeleton (D:5)
  A worker ant zombie (D:8)
  7 gnolls (Bailey)
  20 adders
  3 shadow imps
  4 white imps
  3 ufetubi
  2 oozes
  An adder skeleton (D:9)
  6 worms
  5 dart slugs
  5 leopard geckos
  87 orcs
  5 giant cockroaches
  30 goblins
  22 hobgoblins
  15 jackals
  3 quokkas
  2 ball pythons (D:3)
  5 bats
  A frilled lizard (D:2)
  5 goblin skeletons (D:12)
  2 goblin zombies
  7 hobgoblin zombies
  A jackal zombie (Ossuary)
  10 kobolds
  12 kobold zombies (Ossuary)
  A leopard gecko skeleton (D:4)
  3 orc skeletons (D:12)
  23 orc zombies
  9 rats
  2 rat zombies (Ossuary)
1466 creatures vanquished.

Vanquished Creatures (collateral kills)
  An eidolon (Vaults:3)
  4 hydras
  A two-headed ogre (D:10)
  A flayed ghost (Vaults:3)
  2 orb spiders (Spider:3)
  A water nymph (Shoals:3)
  A komodo dragon (Lair:4)
  A polar bear (Lair:4)
  A troll (D:9)
  A jumping spider (Spider:3)
  2 yaks (D:10)
  A water moccasin (Lair:4)
  An orc warrior (D:10)
  2 killer bee zombies (D:10)
  An adder (D:10)
  A quokka (D:10)
22 creatures vanquished.

Vanquished Creatures (others)
  An unseen horror (D:10)
  A water nymph (Shoals:4)
  A yak (IceCv)
  A bush (Shoals:2)
  4 demonic plants (Gauntlet)
  22 fungi
  2 lurking horrors (Lair:6)
  54 plants
  8 tentacles (Shoals:2)
94 creatures vanquished.

Grand Total: 1582 creatures vanquished

Notes
Turn   | Place    | Note
-------+----------+-------------------------------------------
     0 | D:1      | night the Hill Orc Fighter began the quest for the Orb.
     0 | D:1      | Reached XP level 1. HP: 19/19 MP: 1/1
   181 | D:1      | Reached XP level 2. HP: 4/27 MP: 2/2
   679 | D:1      | Reached skill level 4 in Fighting
   853 | D:1      | Reached XP level 3. HP: 29/33 MP: 3/3
  1549 | D:2      | Found a stormy altar of Qazlal.
  2071 | D:3      | Reached XP level 4. HP: 36/41 MP: 4/4
  2079 | D:3      | Reached skill level 5 in Axes
  2436 | D:3      | Found a snail-covered altar of Cheibriados.
  2462 | D:3      | Found a shadowy altar of Dithmenos.
  2805 | D:2      | Reached XP level 5. HP: 47/47 MP: 5/5
  3209 | D:3      | Reached skill level 5 in Fighting
  3515 | D:3      | Found a burning altar of Makhleb.
  3519 | D:3      | Became a worshipper of Makhleb the Destroyer
  4125 | D:4      | Found an ornate altar of the Wu Jian Council.
  4177 | D:4      | Reached skill level 1 in Invocations
  4254 | D:4      | You fall into a shaft and drop 2 floors!
  4334 | D:6      | Reached XP level 6. HP: 40/56 MP: 5/7
  4437 | D:6      | Noticed Edmund
  4463 | D:6      | Killed Edmund
  4766 | D:5      | Entered Level 5 of the Dungeon
  4860 | D:5      | Reached XP level 7. HP: 60/62 MP: 9/9
  5149 | D:4      | Found a glowing silver altar of Zin.
  5372 | D:5      | Found a sand-covered staircase.
  5376 | Ossuary  | Entered an ossuary
  5471 | Ossuary  | Reached * piety under Makhleb
  5581 | Ossuary  | Reached skill level 6 in Fighting
  5846 | D:5      | Reached ** piety under Makhleb
  5847 | D:5      | Reached XP level 8. HP: 68/71 MP: 6/10
  5939 | D:5      | Found Qonoy's Armour Shop.
  5947 | D:5      | Bought a +0 pair of gloves for 54 gold pieces
  5977 | D:5      | Reached skill level 7 in Fighting
  6583 | D:6      | Reached skill level 10 in Axes
  6608 | D:6      | Noticed Eustachio
  6622 | D:6      | Killed Eustachio
  7073 | D:6      | Found a staircase to the Ecumenical Temple.
  7084 | Temple   | Entered the Ecumenical Temple
  7290 | D:7      | Identified a scroll of acquirement
  7290 | D:7      | Acquired a +1 broad axe of distortion
  7664 | D:7      | Reached *** piety under Makhleb
  7665 | D:7      | Reached skill level 8 in Fighting
  7838 | D:7      | Reached XP level 9. HP: 81/81 MP: 11/11
  7971 | D:8      | Found an iron altar of Okawaru.
  8266 | D:8      | Reached skill level 9 in Fighting
  8293 | D:8      | Found a staircase to the Lair.
  8494 | D:8      | Found a hide-covered altar of Uskayaw.
  8517 | D:8      | Found a broken altar of Ashenzari.
  8518 | D:8      | Found a sacrificial altar of Ru.
  8520 | D:8      | Found an opulent altar of Gozag.
  8520 | D:8      | Found a shimmering altar of Xom.
  8525 | D:8      | Found a blossoming altar of Fedhas.
  8808 | D:9      | Reached **** piety under Makhleb
  8810 | D:9      | Reached skill level 10 in Fighting
  8810 | D:9      | Reached XP level 10. HP: 93/93 MP: 12/12
  9372 | D:9      | Found a glowing golden altar of the Shining One.
  9535 | D:9      | Found a radiant altar of Vehumet.
  9546 | D:10     | Entered Level 10 of the Dungeon
  9546 | D:10     | Noticed Erolcha
  9548 | D:10     | Noticed a cyclops
  9548 | D:10     | Noticed a two-headed ogre
  9550 | D:10     | Noticed Maggie
  9556 | D:10     | Banished an unseen horror
  9557 | D:10     | Reached skill level 15 in Axes
  9559 | D:10     | Killed Erolcha
  9560 | D:10     | Reached skill level 11 in Fighting
  9560 | D:10     | Killed an unseen horror
  9561 | D:10     | Killed Maggie
  9562 | D:10     | Reached XP level 11. HP: 52/103 MP: 6/13
  9563 | D:10     | Found a runed translucent door.
  9575 | D:10     | Noticed Urug
 10028 | D:10     | Killed Urug
 10121 | D:10     | Identified Spellcraft in Simple Steps
 10176 | D:10     | Killed a two-headed ogre
 10195 | D:10     | Killed a cyclops
 10196 | D:10     | Reached skill level 12 in Fighting
 10733 | Lair:1   | Entered Level 1 of the Lair of Beasts
 11142 | Lair:1   | Noticed a six-headed hydra
 11169 | Lair:1   | Killed a six-headed hydra
 11302 | Lair:1   | Found a blossoming altar of Fedhas.
 11321 | Lair:1   | Noticed an oklob plant
 11961 | Lair:1   | Killed an oklob plant
 12281 | Lair:2   | Found a hole to the Spider Nest.
 12287 | Lair:2   | Reached skill level 1 in Evocations
 12439 | Lair:2   | Reached XP level 12. HP: 93/113 MP: 15/15
 12614 | Lair:2   | Reached skill level 13 in Fighting
 12674 | Lair:2   | Reached skill level 5 in Invocations
 12701 | Lair:2   | Found the +8 whip "Snakebite" {curare, rPois}
 13123 | Lair:2   | Found an ornate altar of the Wu Jian Council.
 13124 | Lair:2   | Noticed a boulder beetle
 13132 | Lair:2   | Found a hide-covered altar of Uskayaw.
 13166 | Lair:2   | Killed a boulder beetle
 13285 | Lair:2   | Noticed a death yak
 13286 | Lair:2   | Noticed a death yak
 13295 | Lair:2   | Noticed a death yak
 13303 | Lair:2   | Banished a death yak
 13304 | Lair:2   | Killed a death yak
 13322 | Lair:2   | Killed a death yak
 14135 | Lair:3   | Reached skill level 5 in Shields
 14288 | Lair:3   | Reached XP level 13. HP: 123/123 MP: 18/18
 14405 | Lair:3   | Got a pair of bloodstained gloves
 14415 | Lair:3   | Identified the cursed +0 pair of gloves of the Wheelwright
                  | {rElec Int+3} (You found it on level 3 of the Lair of
                  | Beasts)
 15434 | Lair:3   | Reached ***** piety under Makhleb
 15537 | Lair:4   | Noticed Nergalle
 15558 | Lair:4   | Killed Nergalle
 15559 | Lair:4   | Reached skill level 14 in Fighting
 15950 | Lair:4   | You fall into a shaft and drop 2 floors!
 15950 | Lair:6   | Entered Level 6 of the Lair of Beasts
 16043 | Lair:5   | Reached skill level 5 in Evocations
 16530 | Lair:4   | Found a staircase to the Shoals.
 17109 | Lair:4   | Reached XP level 14. HP: 133/133 MP: 21/21
 17110 | Lair:4   | Reached skill level 10 in Invocations
 17181 | Lair:4   | Reached skill level 15 in Fighting
 17201 | Lair:4   | Identified the +10 hand axe of Giatry {pain, rN+++ MP-9
                  | Dex-2 Stlth+} (You found it on level 4 of the Lair of
                  | Beasts)
 17713 | Lair:5   | Found a stormy altar of Qazlal.
 18180 | Lair:5   | Found a runed translucent door.
 18185 | Lair:5   | Found a viscous altar of Jiyva.
 18185 | Lair:5   | Noticed an azure jelly
 18186 | Lair:5   | Noticed an azure jelly
 18187 | Lair:5   | Found a staircase to the Slime Pits.
 18187 | Lair:5   | Noticed an azure jelly
 18330 | Lair:6   | Reached skill level 10 in Shields
 18430 | Lair:6   | Reached skill level 16 in Fighting
 18564 | Lair:6   | Found the ring of the Mage {Wiz Will++ Int+3}
 18584 | Lair:6   | Found a large runed translucent door.
 18824 | Lair:6   | Found a large runed translucent door.
 19138 | Lair:6   | Found a one-way gate to the infinite horrors of the Abyss.
 19140 | Lair:6   | Found a corrupted altar of Lugonu.
 19618 | Lair:6   | Found a glowing golden altar of the Shining One.
 20211 | D:11     | Noticed Harold
 20239 | D:11     | Killed Harold
 20240 | D:11     | Reached XP level 15. HP: 146/146 MP: 22/22
 20462 | D:11     | Found the +10 zealot's sword {holy, *Rage rN+ EV+3}
 20556 | D:11     | Reached skill level 17 in Fighting
 20601 | D:11     | Found Juagu's Antique Weapon Shoppe.
 20608 | D:11     | Bought a warped broad axe for 360 gold pieces
 20608 | D:11     | Identified the +3 broad axe "Zeylog Hung" {drain, *Slow rC+
                  | Str+3 Int+4} (You bought it in a shop on level 11 of the
                  | Dungeon)
 20737 | D:11     | Found Hotrapn's Serpentskin Sales.
 20739 | D:11     | Reached ****** piety under Makhleb
 21180 | D:12     | Found a staircase to the Orcish Mines.
 21381 | D:5      | Bought the +5 ring mail "Himup" {rElec rPois Will++} for
                  | 667 gold pieces
 22016 | D:13     | Found a flagged portal.
 22070 | Bailey   | Entered a bailey
 22237 | Bailey   | Noticed an orc warlord
 22260 | Bailey   | Killed an orc warlord
 22419 | D:13     | Found a gate leading to a gauntlet.
 22441 | Gauntlet | Entered a Gauntlet
 22441 | Gauntlet | Found a transporter.
 22441 | Gauntlet | Found a transporter.
 22441 | Gauntlet | Found a transporter.
 22494 | Gauntlet | Found a transporter.
 22498 | Gauntlet | Found a transporter.
 22510 | Gauntlet | Found a transporter.
 22529 | Gauntlet | Found a transporter.
 22535 | Gauntlet | Found a transporter.
 22543 | Gauntlet | Found a transporter.
 22561 | Gauntlet | Found a transporter.
 22569 | Gauntlet | Found a transporter.
 22587 | Gauntlet | Found a transporter.
 22694 | Gauntlet | Got a faintly humming cloak
 22704 | Gauntlet | Identified the +2 cloak of Youthful Indiscretion {rF+ rN++
                  | Int-2} (You found it in a Gauntlet)
 22753 | Gauntlet | Identified the amulet "Ussassea" {Acrobat Fragile rN+++
                  | Str-5 Stlth+} (You found it in a Gauntlet)
 22787 | Gauntlet | Reached XP level 16. HP: 157/157 MP: 24/24
 22788 | Gauntlet | Reached XP level 17. HP: 163/163 MP: 25/25
 23107 | D:13     | Reached skill level 18 in Fighting
 24367 | D:14     | Reached XP level 18. HP: 172/172 MP: 25/27
 24579 | D:14     | Found Nungeob's Armour Shoppe.
 24616 | D:14     | Noticed Josephine
 24629 | D:14     | Killed Josephine
 24863 | D:14     | Found a gate to the Vaults.
 25106 | D:15     | Entered Level 15 of the Dungeon
 25353 | D:15     | Noticed Nessos
 25361 | D:15     | Killed Nessos
 25763 | D:15     | Found a staircase to the Depths.
 25961 | Orc:1    | Entered Level 1 of the Orcish Mines
 25987 | Orc:1    | Found a frozen archway.
 26038 | IceCv    | Entered an ice cave
 26827 | Orc:2    | Entered Level 2 of the Orcish Mines
 26862 | Orc:2    | Found a staircase to the Elven Halls.
 27235 | Orc:2    | Found Roji's Armour Shop.
 27235 | Orc:2    | Found Kemar's Distillery.
 27236 | Orc:2    | Found Putaemub's Antique Weapon Emporium.
 27236 | Orc:2    | Found Yfazxer's Antique Armour Shop.
 27592 | Orc:1    | Noticed Maurice
 27603 | Orc:1    | Killed Maurice
 27727 | Orc:2    | Bought a turquoise-encrusted plate armour for 728 gold
                  | pieces
 27742 | Orc:2    | Identified the cursed +1 plate armour "Ciungan" {Str+3
                  | SInv} (You bought it in a shop on level 2 of the Orcish
                  | Mines)
 27759 | Orc:2    | Bought the +8 chain mail of Vagy {rElec Int+7} for 1098
                  | gold pieces
 27986 | Spider:1 | Entered Level 1 of the Spider Nest
 27987 | Spider:1 | Noticed Frances
 27996 | Spider:1 | Killed Frances
 28016 | Spider:1 | Reached skill level 19 in Fighting
 28016 | Spider:1 | Reached skill level 15 in Invocations
 28349 | Spider:1 | Reached XP level 19. HP: 171/182 MP: 27/30
 28425 | Spider:1 | Noticed Aizul
 29104 | Spider:1 | Killed Aizul
 29144 | Spider:1 | Noticed Agnes
 29157 | Spider:1 | Killed Agnes
 29678 | Spider:2 | Noticed Arachne
 29685 | Spider:2 | Banished Arachne
 30227 | Spider:3 | Found a large runed translucent door.
 30228 | Spider:3 | Found a large runed translucent door.
 30230 | Spider:3 | Noticed Nuqinleag's ghost (adept GrEE)
 30363 | Spider:3 | Reached skill level 15 in Shields
 31468 | Spider:4 | Entered Level 4 of the Spider Nest
 31502 | Spider:4 | Reached skill level 10 in Evocations
 31945 | Spider:4 | Reached XP level 20. HP: 179/193 MP: 26/33
 31988 | Spider:4 | Reached skill level 20 in Fighting
 32322 | Spider:4 | Got a gossamer rune of Zot
 32850 | Shoals:1 | Entered Level 1 of the Shoals
 33174 | Shoals:1 | Found a runed translucent door.
 33175 | Shoals:1 | Found a shimmering altar of Xom.
 33175 | Shoals:1 | Noticed Woutahasch's ghost (journeyman HOFi)
 33346 | Shoals:1 | Reached skill level 1 in Throwing
 33428 | Shoals:1 | Noticed Donald
 33448 | Shoals:1 | Killed Donald
 33586 | Shoals:2 | Reached skill level 5 in Dodging
 34653 | Shoals:3 | Found Yteaji's Antique Weapon Boutique.
 35115 | Shoals:3 | Noticed Nikola
 35130 | Shoals:3 | Killed Nikola
 35786 | Shoals:4 | Entered Level 4 of the Shoals
 35786 | Shoals:4 | Found Haups's Gadget Boutique.
 36010 | Shoals:4 | Bought a condenser vane for 520 gold pieces
 37144 | Shoals:4 | Identified Roxanne's Tome of the Mountains
 37144 | Shoals:4 | Noticed Roxanne
 37162 | Shoals:4 | Banished Roxanne
 37707 | Shoals:4 | Got a barnacled rune of Zot
 37758 | Shoals:4 | Identified Sif Muna's Almanac of Doomed Clay
 38279 | Vaults:1 | Entered Level 1 of the Vaults
 38337 | Vaults:1 | Reached XP level 21. HP: 201/202 MP: 26/34
 38735 | Vaults:1 | Found Siriocs's Assorted Antiques.
 38800 | Vaults:1 | Bought a scroll of enchant weapon for 337 gold pieces
 38927 | Vaults:1 | Reached skill level 5 in Throwing
 38980 | Vaults:1 | Paralysed by a great orb of eyes for 6 turns
 40434 | Vaults:2 | Reached skill level 21 in Fighting
 40495 | Vaults:2 | Found a staircase to the Crypt.
 40495 | Vaults:2 | Found an ancient bone altar of Kikubaaqudgha.
 40496 | Vaults:2 | Found a basalt altar of Yredelemnul.
 40648 | Vaults:2 | Reached skill level 10 in Armour
 41361 | Vaults:2 | Reached XP level 22. HP: 213/213 MP: 36/36
 41756 | Vaults:3 | Found a flickering gateway to a bazaar.
 41781 | Bazaar   | Entered a bazaar
 41799 | Bazaar   | Found Ohyciat's Antique Weapon Emporium.
 41816 | Bazaar   | Found Sualodej's Armour Shoppe.
 41816 | Bazaar   | Found Dauschado's Magic Scroll Emporium.
 41837 | Bazaar   | Found Begrepp's Magic Scroll Shoppe.
 41837 | Bazaar   | Found Owkiogrit's Jewellery Emporium.
 41894 | Bazaar   | Bought a scroll of blinking for 90 gold pieces
 42644 | Vaults:3 | Found a runed translucent gate.
 42644 | Vaults:3 | Found a runed translucent gate.
 42645 | Vaults:3 | Found a runed translucent gate.
 42663 | Vaults:3 | Noticed bomjara's ghost (adept MfGl)
 42722 | Vaults:3 | Killed bomjara's ghost
 43575 | Vaults:4 | Paralysed by a floating eye for 2 turns
 43618 | Vaults:4 | Slain by a vault warden

Illustrated notes

Levels and vault maps discovered:
D:1:      ncdulo_watergridlock, layout_basic, minmay_tripent
D:2:      layout_rooms, lemuel_round_altar, minmay_misc_feat_more_columns
D:3:      layout_loops_corners, general_overflow_altar, marbit_many_paths,
          grunt_dithmenos_smoke, st_stairs_14
D:4:      layout_loops_ring, nicolae_overflow_hidden_temple, zin_statuary,
          kennysheep_generic_room_7
D:5:      layout_rooms, serial_shops, shop, gup_sewer_entry_bubbles,
          nicolae_ossuary_entry_plus, st_stairs_3
D:6:      layout_rooms, minmay_temple_entry_fiery, serial_co_window_serial,
          co_window_corner_a, co_window_corner_a, co_window_paths_a,
          co_window_paths_b, co_window_of_opportunity_a, co_window_broadway_b,
          co_window_unsneaky_path_e, co_window_corner_cb, co_window_2corner,
          co_window_paths_c, co_window_broadway_c, co_window_corner_b,
          uniq_edmund, uniq_eustachio
D:7:      layout_basic
D:8:      layout_rooms, overflow_temple_1_default,
          nicolae_overflow_crystal_walls, grunt_temple_overflow_open,
          erik_lair_orcish_takeover, kennysheep_diamond, minivault_23
D:9:      layout_long_grid, kennysheep_mini_moat, nicolae_tso_carved_into_rock
D:10:     layout_basic, minmay_st_funbox, ebering_dispersal_statue_hall,
          minmay_misc_feat_hallway, uniq_maggie, uniq_urug, uniq_erolcha
D:11:     minmay_octagon_keep, layout_small_grid, serial_shops,
          nicolae_shop_crystal, guppyfry_shop_venom, uniq_harold
D:12:     argonaut_augean_stables, layout_cave_pools, zombieorc2_lemuel
D:13:     minmay_chopped_fan, layout_irregular_city, gauntlet_entry_generic,
          enter_bailey_5
D:14:     kennysheep_blocky_hall, layout_basic,
          hangedman_vaults_entry_quadrant_bands, serial_shops,
          nicolae_shop_competitors_out_of_business, minmay_misc_feat_five,
          uniq_josephine
D:15:     grunt_enter_depths_snipers, layout_basic, uniq_nessos
Temple:   corrupted_temple
Lair:1:   layout_loops_ring, tgw_fedhas
Lair:2:   minmay_guarded_unrand_snakebite, layout_cave_pods,
          nicolae_spider_entry_tight_spaces, nicolae_quartered_pool_medium,
          nzn_masters_of_martial_movement
Lair:3:   layout_misc_corridors, minmay_lair_oklob_chamber
Lair:4:   nzn_winding_woodlands_stair_cross [nzn_winding_woodlands_5x15_jagged,
          nzn_winding_woodlands_center_garden,
          nzn_winding_woodlands_5x15_longhouse,
          nzn_winding_woodlands_5x5_open_star, nzn_winding_woodlands_hourglass,
          nzn_winding_woodlands_5x15_pathside_ponds,
          nzn_winding_woodlands_center_pierced_h,
          nzn_winding_woodlands_5x15_crooked], layout_loops_ring,
          elwin_shoals_entry_rooms, uniq_nergalle
Lair:5:   layout_cellular_growth, slime_altar_2, basic_altar
Lair:6:   cheibrodos_lair_end_hotspot, layout_long_grid, basic_altar,
          amcnicky_altar_lugonu_corruption
Shoals:1: layout_shoals, ebering_ghost_xom, uniq_donald
Shoals:2: argonaut_golden_fleece, layout_shoals,
          nicolae_shoals_kraken_intersection
Shoals:3: layout_shoals, serial_shops, shop, uniq_nikola
Shoals:4: shoals_end_grunt_ice, layout_shoals, serial_shops, shop, uniq_roxanne
Spider:1: nicolae_spider_hall_of_the_moth_king, nicolae_looking_at_the_future,
          hangedman_spider_tarantella_strand, uniq_aizul, uniq_frances,
          uniq_agnes
Spider:2: layout_spider_delve, uniq_arachne
Spider:3: nicolae_spider_mines_3, ebering_ghost_disaster_area
Spider:4: guppyfry_spider_rune
Orc:1:    layout_caves, portal_ice_cave_entry_animals_and_master, uniq_maurice
Orc:2:    st_orc_ogre_mass, layout_caves
Vaults:1: ontoclasm_vaults_shuriken, v_misc_17, hangedman_vaults_pinch,
          st_diamondy, nicolae_vaults_hallways_thing, v_misc_33,
          nicolae_vaults_big_angled_halls, vaults_room_hallway,
          layout_vaults_maze_bifur, serial_shops, nicolae_shop_trees
Vaults:2: hangedman_vaults_stagger, vaults_room_grid,
          nicolae_vaults_circle_grid_b, ontoclasm_vaults_chip,
          minmay_crypt_entry_necro_gods, v_pattern_5,
          nicolae_vaults_network_star, hangedman_vaults_capsules,
          vaults_room_fours, vaults_room_grid, vaults_room_fancy_cross,
          ontoclasm_vaults_decontamination, vaults_room_hallway,
          nicolae_vaults_holding_cells, ontoclasm_vaults_twist,
          layout_vaults_omnibox
Vaults:3: gammafunk_vaults_ghost_spectres, nicolae_vaults_little_squares_3,
          vaults_room_door_ring, vaults_dpeg_cross, vaults_mumra_hex,
          layout_vaults_omnigrid, serial_shops, bzr_entry_water
Vaults:4: nicolae_vaults_ninety_degrees, serial_ice_h, hangedman_vaults_stream,
          nicolae_vaults_network_s, nicolae_vaults_little_squares_2,
          grunt_vaults_swirl, nicolae_vaults_circle_grid_b, vaults_dpeg_ring,
          layout_vaults_chaotic_city

Skill      XL: |  1  2  3  4  5  6  7  8  9 10 11 12 13 14 15 16 17 18 19 20 21 22 |
---------------+-------------------------------------------------------------------+-----
Axes           | 3 4 5 6 7 9 11 14 16 18 19 20 | 20.0
Fighting       | 4 5 6 8 10 11 12 13 14 16 17 18 19 20 21 | 21.8
Invocations    | 1 2 3 4 7 9 10 12 15 18 19 20 | 20.7
Evocations     | 2 4 5 6 8 10 11 12 13 | 13.4
Shields        | 5 8 11 13 14 15 | 15.0
Armour         | 7 8 10 11 | 11.8
Dodging        | 4 6 7 8 |  8.9
Throwing       | 4 5 |  5.5

Action                   |  1- 3 |  4- 6 |  7- 9 | 10-12 | 13-15 | 16-18 | 19-21 | 22-24 || total
-------------------------+-------+-------+-------+-------+-------+-------+-------+-------++-------
Melee: War axe           |   124 |   134 |   204 |       |       |       |       |       ||   462
       Broad axe         |       |       |   122 |   388 |   805 |   617 |  1483 |   325 ||  3740
Throw: Dart              |     1 |    33 |     4 |    12 |     2 |       |       |       ||    52
       Stone             |       |     6 |       |       |       |       |       |       ||     6
       Boomerang         |       |       |       |       |     7 |       |     7 |       ||    14
Invok: Minor Destruction |       |       |    10 |     6 |    40 |    17 |     1 |       ||    74
       Lesser Servant of |       |       |       |     8 |     5 |     3 |     4 |     1 ||    21
       Major Destruction |       |       |       |     2 |       |       |       |     1 ||     3
       Greater Servant o |       |       |       |       |     2 |       |       |     1 ||     3
Evoke: Wand              |       |       |       |       |    10 |       |       |     2 ||    12
  Use: Potion            |     2 |     2 |       |       |     5 |     1 |     5 |     3 ||    18
       Scroll            |     2 |     4 |     9 |     5 |    23 |     4 |     9 |     1 ||    57
 Stab: Held in net/web   |       |       |       |       |       |       |     2 |       ||     2
Armor: Scale mail        |    45 |    37 |       |       |       |       |       |       ||    82
       Chain mail        |       |    34 |   127 |   112 |   167 |       |    46 |    67 ||   553
       Skin              |       |       |       |       |     2 |       |       |       ||     2
       Ring mail         |       |       |       |       |    53 |   156 |   274 |       ||   483
Dodge: Dodged            |    27 |    37 |    81 |   100 |   252 |   244 |   612 |   104 ||  1457
Block: Kite shield       |    53 |    59 |   141 |   124 |   373 |   298 |   810 |   155 ||  2013
       Reflection        |       |       |       |       |       |       |    55 |    28 ||    83
